 Dungeon Crawl Stone Soup version 0.31-a0-240-gb923e448b6 (webtiles) character file.

Game seed: 5030647153593470144

53 qw the Shooter (level 3, 0/29 HPs)
             Began as a Minotaur Hexslinger on July 11, 2023.
             Slain by Natasha (6 damage)
             ... on level 3 of the Dungeon.
             The game lasted 00:00:32 (1330 turns).

qw the Shooter (Minotaur Hexslinger)                Turns: 1330, Time: 00:00:33

Health: 0/29       AC:  3    Str: 12    XL:     3   Next: 64%
Magic:  3/3        EV: 12    Int: 10    God:
Gold:   59         SH:  0    Dex: 14    Spells: 3/4 levels left

rFire   . . .        Y - +1 sling
rCold   . . .        (no shield)
rNeg    . . .        d - +0 leather armour
rPois   .            (helmet restricted)
rElec   .            (no cloak)
rCorr   .            (no gloves)
SInv    .            (no boots)
Will    .....        (no amulet)
Stlth   +            (no ring)
HPRegen 0.24/turn    (no ring)
MPRegen 0.08/turn

%: no passive effects
@: no status effects
A: horns 2, retaliatory headbutt
a: no special abilities


You were on level 3 of the Dungeon.
You visited 1 branch of the dungeon, and saw 3 of its levels.

You collected 59 gold pieces.


Innate Abilities, Weirdness & Mutations

You have a pair of horns on your head.
You reflexively headbutt those who attack you in melee.


   Skills:
 - Level 2.0 Fighting
 + Level 4.2 Ranged Weapons
 - Level 2.1 Dodging
 - Level 1.0 Spellcasting
 - Level 2.0 Hexes


You had 3 spell levels left.
You knew the following spells:

 Your Spells              Type           Power      Damage    Failure   Level
a - Slow                  Hex            16%        N/A       19%         1

Your spell library contained the following spells:

 Spells                   Type           Power      Damage    Failure   Level
 Inner Flame              Hex/Fire       2%         N/A       65%         3
 Portal Projectile        Hex/Tloc       4%         N/A       65%         3
 Cause Fear               Hex            2%         N/A       88%         4

Inventory:

Hand Weapons
 Y - a +1 sling (weapon)
Armour
 d - a +0 leather armour (worn)
Scrolls
 a - a scroll of identify {unknown}
Potions
 e - a potion of curing {unknown}
 g - a potion of degeneration {unknown}

Dungeon Overview and Level Annotations

Branches:
Dungeon (3/15)

Altars:

Annotations:
D:3 Natasha


Message History

You shoot a sling bullet. The sling bullet hits the hobgoblin.
You kill the hobgoblin!
Natasha, Servant of Life and Death comes into view.
Enter note:
Enter note: You shoot a sling bullet.
The sling bullet hits Natasha.
Natasha is moderately wounded.
You shoot a sling bullet. The sling bullet hits Natasha.
Natasha is heavily wounded.
Natasha mumbles some strange words.
You shoot a sling bullet.
The sling bullet hits Natasha but does no damage.
Natasha is heavily wounded.
Natasha mumbles some strange words.
You shoot a sling bullet.
The sling bullet closely misses Natasha.
The sling bullet hits the cerulean imp.
The cerulean imp is moderately wounded.
Natasha casts a spell at you. The magic dart hits you.
You shoot a sling bullet.
The sling bullet misses the cerulean imp.
The cerulean imp hits you from afar with a +1 spear. x2
You shoot a sling bullet.
The sling bullet closely misses Natasha.
The cerulean imp hits you from afar with a +1 spear.
Natasha claws you!
You shoot a sling bullet. The sling bullet barely misses Natasha.
The sling bullet hits the cerulean imp.
The cerulean imp is heavily wounded.
The cerulean imp barely misses you.
The cerulean imp hits you from afar with a +1 spear.
Natasha casts a spell.
The cerulean imp hits you from afar with a +0 spear.
You shoot a sling bullet.
The sling bullet hits Natasha but does no damage.
Natasha is heavily wounded.
The cerulean imp hits you from afar with a +1 spear.
Natasha claws you.
You die...

.......## ........ ..
#.
...)#..####.##.#####
...............^...#
......# ...........#
......# #..........#
......# #.....5....#
......# #.....5h..#
....#.# #.....5.@.#
...##.###.........#
#####..##.........#
##............##
#######............##
....................#
#########.....>.....#
#...........#
###.........#


You could see Natasha and 3 cerulean imps.

Vanquished Creatures
  A dart slug (D:2)
  4 ball pythons
  6 endoplasms
  2 giant cockroaches (D:2)
  6 goblins
  4 hobgoblins
  7 jackals (D:2)
  2 quokkas (D:1)
  3 bats
  2 frilled lizards
  3 kobolds
  2 rats
42 creatures vanquished.

Notes
Turn   | Place    | Note
-------+----------+-------------------------------------------
     0 | D:1      | qw the Minotaur Hexslinger began the quest for the Orb.
     0 | D:1      | Reached XP level 1. HP: 16/16 MP: 1/1
     0 | D:1      | 0 ||| qw: Version: 0.3-a-52-g30416fa
     0 | D:1      | 0 ||| qw: Game counter: 6077
     0 | D:1      | 0 ||| qw: Melee chars always use a shield: true
     0 | D:1      | 0 ||| qw: God list: Okawaru
     0 | D:1      | 0 ||| qw: Allow faded altars: false
     0 | D:1      | 0 ||| qw: Do Orc after clearing Dungeon:15 true
     0 | D:1      | 0 ||| qw: Do second Lair branch before Depths: true
     0 | D:1      | 0 ||| qw: Lair rune preference: random
     0 | D:1      | 0 ||| qw: Goals: Normal
     0 | D:1      | 0 ||| PLANNING D:1-11
   106 | D:1      | Reached skill level 3 in Ranged Weapons
   106 | D:1      | Reached XP level 2. HP: 23/23 MP: 2/2
   386 | D:1      | 386 ||| UPGRADING to +0 leather armour.
   396 | D:1      | 396 ||| DROPPING +0 robe.
   397 | D:1      | 397 ||| READING scroll labelled ISHRIMO SUUNA.
   401 | D:1      | 401 ||| DROPPING scroll of poison.
   654 | D:2      | Identified the +9 dagger of the Burning Gods {heavy, +Blink
                  | rElec rPois Str-2}
   696 | D:2      | Reached XP level 3. HP: 29/29 MP: 3/3
   955 | D:2      | Reached skill level 4 in Ranged Weapons
  1322 | D:3      | Noticed Natasha
  1329 | D:3      | HP: 7/29 [cerulean imp/+0 spear[Natasha] (1)]
  1330 | D:3      | Slain by Natasha

Levels and vault maps discovered:
D:1:      erik_arrival_blinker_ship, layout_rooms
D:2:      layout_loops_cross, minmay_hedge_maze
D:3:      layout_rooms, minitemple, uniq_crazy_yiuf_cottage, uniq_natasha

Skill      XL: |  1  2  3 |
---------------+----------+-----
Ranged Weapons | 3 4 |  4.2
Fighting       | 2 |  2.0
Dodging        | |  2.1
Spellcasting   | |  1.0
Hexes          | |  2.0

Action                     || total
---------------------------++-------
   Fire: Sling             ||   126
    Use: Scroll            ||     1
 Armour: Leather armour    ||     9
  Dodge: Dodged            ||    17

Table legend:
 A = Non-vault XP
 B = Vault XP
 C = Vault XP percentage of total XP
 D = Non-vault monster count
 E = Vault monster count
 F = Vault count percentage of total count
                 A         B        C        D         E       F
            +---------+---------+-------+---------+---------+-------
      Total |      77 |       0 |   0.0 |      42 |       0 |   0.0
            +---------+---------+-------+---------+---------+-------
        D:1 |      20 |       0 |   0.0 |      12 |       0 |   0.0
        D:2 |      48 |       0 |   0.0 |      25 |       0 |   0.0
        D:3 |       9 |       0 |   0.0 |       5 |       0 |   0.0
            +---------+---------+-------+---------+---------+-------
